| TOP OF THE 1ST |
|
New York Mets batting - Pitching for Atlanta Braves : RHP Jeremy Kasten
|
|
Pitching: RHP Jeremy Kasten
|
|
|
Batting: LHB Chris Ringwood
|
0-0: Swinging Strike 0-1: Ball 1-1: Ball 2-1: Swinging Strike 2-2: Foul Ball, location: 2F 2-2: Ball 3-2: Foul Ball, location: 2F 3-2: DOUBLE (Line Drive, 9LM, EV 95.6 MPH)
|
|
Batting: RHB Josh Jones
|
0-0: Ball 1-0: Called Strike 1-1: Foul Ball, location: 2F 1-2: Ground out 3-1 (Groundball, 34, EV 93.8 MPH) Chris Ringwood to third
|
|
Batting: LHB Kyle Beaulieu
|
0-0: Called Strike 0-1: Ball 1-1: Ground out 4-3 (Groundball, 4, EV 93.8 MPH) Chris Ringwood scores
|
|
Batting: SHB Roberto Magne
|
0-0: Ball 1-0: Ball 2-0: Ball 3-0: Base on Balls
|
|
Batting: SHB Luke Robbins
|
0-0: Foul Ball, location: 2F 0-1: Foul Ball, location: 2F 0-2: Strikes out looking
|
| Top of the 1st over - 1 run, 1 hit, 0 errors, 1 left on base; New York 1 - Atlanta 0 |
| BOTTOM OF THE 1ST |
|
Atlanta Braves batting - Pitching for New York Mets : RHP Isaac Spikes
|
|
Pitching: RHP Isaac Spikes
|
|
|
Batting: SHB Sean Cook
|
0-0: Called Strike 0-1: Ball 1-1: Ball 2-1: Bunted foul 2-2: Foul Ball, location: 2F 2-2: Ball 3-2: Foul Ball, location: 2F 3-2: Base on Balls
|
|
Batting: RHB Yasuhide Kasahara
|
0-0: Ball 1-0: Ball 2-0: Foul Ball, location: 2F 2-1: Called Strike 2-2: Foul Ball, location: 2F 2-2: Ball 3-2: Strikes out swinging Sean Cook is caught stealing 2nd base 2-4 Batter strikes out.
|
|
Batting: SHB Floyd-William Goof
|
0-0: Foul Ball, location: 2F 0-1: Foul Ball, location: 2F 0-2: SOLO HOME RUN (Flyball, 7D, EV 101.2 MPH), Distance : 380 ft
|
|
Batting: LHB Erik Gretzky
|
0-0: SINGLE (Groundball, 3S, EV 75.0 MPH) (infield hit)
|
|
Batting: RHB Ike Trout
|
0-0: Ball 1-0: Fly out, F9 (Flyball, 89M, EV 88.1 MPH)
|
| Bottom of the 1st over - 1 run, 2 hits, 0 errors, 1 left on base; New York 1 - Atlanta 1 |
| TOP OF THE 2ND |
|
New York Mets batting - Pitching for Atlanta Braves : RHP Jeremy Kasten
|
|
Batting: SHB Billy Encinias
|
0-0: Ground out 3-1 (Groundball, 34, EV 110.6 MPH)
|
|
Batting: SHB Jason Larson
|
0-0: Foul Ball, location: 2F 0-1: Foul Ball, location: 2F 0-2: Foul Ball, location: 2F 0-2: SINGLE (Groundball, 4D, EV 100.0 MPH)
|
|
Batting: RHB Finn Ross
|
0-0: Called Strike 0-1: Ball 1-1: Fly out, F6 (Popup, 15S, EV 79.4 MPH)
|
|
Batting: RHB Devine Adams
|
0-0: Swinging Strike 0-1: Called Strike 0-2: Ball 1-2: Strikes out swinging
|
| Top of the 2nd over - 0 runs, 1 hit, 0 errors, 1 left on base; New York 1 - Atlanta 1 |
| BOTTOM OF THE 2ND |
|
Atlanta Braves batting - Pitching for New York Mets : RHP Isaac Spikes
|
|
Batting: RHB Kevin Howard
|
0-0: Called Strike 0-1: Ground out U3 (Groundball, 3, EV 85.6 MPH)
|
|
Batting: RHB Manny Vergara
|
0-0: Called Strike 0-1: Ball 1-1: Foul Ball, location: 2F 1-2: Ball 2-2: Foul Ball, location: 2F 2-2: Ground out 6-3 (Groundball, 6, EV 84.4 MPH)
|
|
Batting: SHB Dave Barefoot
|
0-0: Ground out 6-3 (Groundball, 6MD, EV 110.6 MPH)
|
| Bottom of the 2nd over - 0 runs, 0 hits, 0 errors, 0 left on base; New York 1 - Atlanta 1 |
| TOP OF THE 3RD |
|
New York Mets batting - Pitching for Atlanta Braves : RHP Jeremy Kasten
|
|
Batting: LHB Chris Ringwood
|
0-0: Foul Ball, location: 2F 0-1: Swinging Strike 0-2: Ball 1-2: Foul Ball, location: 2F 1-2: Ball 2-2: Foul Ball, location: 2F 2-2: Ground out 4-3 (Groundball, 34, EV 109.4 MPH)
|
|
Batting: RHB Josh Jones
|
0-0: Called Strike 0-1: Ball 1-1: Foul Ball, location: 2F 1-2: Foul Ball, location: 2F 1-2: Ball 2-2: Ball 3-2: Strikes out looking
|
|
Batting: LHB Kyle Beaulieu
|
0-0: SINGLE (Groundball, 34D, EV 99.4 MPH)
|
|
Batting: SHB Roberto Magne
|
0-0: Called Strike 0-1: Ball 1-1: SINGLE (Groundball, 56D, EV 105.0 MPH) Kyle Beaulieu to second
|
|
Batting: SHB Luke Robbins
|
0-0: Called Strike 0-1: Ball 1-1: Swinging Strike 1-2: Ground out 4-3 (Groundball, 4D, EV 88.8 MPH)
|
| Top of the 3rd over - 0 runs, 2 hits, 0 errors, 2 left on base; New York 1 - Atlanta 1 |
| BOTTOM OF THE 3RD |
|
Atlanta Braves batting - Pitching for New York Mets : RHP Isaac Spikes
|
|
Batting: RHB Erik Coleman
|
0-0: SOLO HOME RUN (Line Drive, 8LXD, EV 116.9 MPH), Distance : 453 ft
|
|
Batting: SHB Sean Cook
|
0-0: Ball 1-0: Ball 2-0: Ball 3-0: Called Strike 3-1: SINGLE (Groundball, 6M, EV 105.6 MPH) (infield hit)
|
|
Batting: RHB Yasuhide Kasahara
|
0-0: Sac Bunt to 5S - play at first, batter OUT! 5-3 Sean Cook to second
|
|
Batting: SHB Floyd-William Goof
|
0-0: Foul Ball, location: 2F 0-1: Ball 1-1: Foul Ball, location: 2F 1-2: Ball 2-2: 2-RUN HOME RUN (Flyball, 9D, EV 101.9 MPH), Distance : 371 ft
|
|
Batting: LHB Erik Gretzky
|
0-0: Ball 1-0: Called Strike 1-1: Ball 2-1: Fly out, F8 (Flyball, 8RM, EV 85.6 MPH)
|
|
Batting: RHB Ike Trout
|
0-0: Called Strike 0-1: Hit by Pitch
|
|
Batting: RHB Kevin Howard
|
0-0: Called Strike 0-1: Called Strike 0-2: DOUBLE (Flyball, 8RXD, EV 97.5 MPH) Ike Trout to third Runner from 3rd tries for Home, throw by CF and OUT! 8-4-2
|
| Bottom of the 3rd over - 3 runs, 4 hits, 0 errors, 1 left on base; New York 1 - Atlanta 4 |
| TOP OF THE 4TH |
|
New York Mets batting - Pitching for Atlanta Braves : RHP Jeremy Kasten
|
|
Batting: SHB Billy Encinias
|
0-0: Ball 1-0: Called Strike 1-1: Swinging Strike 1-2: Foul Ball, location: 2F 1-2: Foul Ball, location: 2F 1-2: SINGLE (Line Drive, 56, EV 101.2 MPH)
|
|
Batting: SHB Jason Larson
|
0-0: Ball 1-0: Grounds into double play, 4-6-3 (Groundball, 4M, EV 83.8 MPH)
|
|
Batting: RHB Finn Ross
|
0-0: Called Strike 0-1: Foul Ball, location: 2F 0-2: Hit by Pitch
|
|
Batting: RHB Devine Adams
|
0-0: Ball Finn Ross steals 2nd base 1-0: Called Strike 1-1: Ground out 6-3 (Groundball, 6S, EV 86.2 MPH)
|
| Top of the 4th over - 0 runs, 1 hit, 0 errors, 1 left on base; New York 1 - Atlanta 4 |
| BOTTOM OF THE 4TH |
|
Atlanta Braves batting - Pitching for New York Mets : RHP Isaac Spikes
|
|
Batting: RHB Manny Vergara
|
0-0: Ball 1-0: Fly out, F8 (Line Drive, 8LM, EV 86.9 MPH)
|
|
Batting: SHB Dave Barefoot
|
0-0: Ball 1-0: Ball 2-0: Swinging Strike 2-1: Foul Ball, location: 2F 2-2: Strikes out swinging
|
|
Batting: RHB Erik Coleman
|
0-0: Fly out, F5 (Popup, 56, EV 74.4 MPH)
|
| Bottom of the 4th over - 0 runs, 0 hits, 0 errors, 0 left on base; New York 1 - Atlanta 4 |
| TOP OF THE 5TH |
|
New York Mets batting - Pitching for Atlanta Braves : RHP Jeremy Kasten
|
|
Batting: LHB Chris Ringwood
|
0-0: Ball 1-0: Ball 2-0: Swinging Strike 2-1: Foul Ball, location: 2F 2-2: Foul Ball, location: 2F 2-2: SINGLE (Line Drive, 34D, EV 99.4 MPH)
|
|
Batting: RHB Josh Jones
|
0-0: Called Strike 0-1: Called Strike 0-2: Ball 1-2: Strikes out swinging
|
|
Batting: LHB Kyle Beaulieu
|
0-0: Ball 1-0: Ball 2-0: Ball 3-0: Called Strike 3-1: Base on Balls Chris Ringwood to second
|
|
Batting: SHB Roberto Magne
|
0-0: SINGLE (Groundball, 4MD, EV 102.5 MPH) Chris Ringwood to third Kyle Beaulieu to second Runner from 3rd tries for Home, SAFE, throw by CF to home
|
|
Batting: SHB Luke Robbins
|
0-0: Foul Ball, location: 2F 0-1: Ball Kyle Beaulieu is caught stealing 3rd base 2-5 1-1: Called Strike 1-2: Foul Ball, location: 2F 1-2: Ground out U3 (Groundball, 3L, EV 88.1 MPH)
|
| Top of the 5th over - 1 run, 2 hits, 0 errors, 1 left on base; New York 2 - Atlanta 4 |
| BOTTOM OF THE 5TH |
|
Atlanta Braves batting - Pitching for New York Mets : RHP Isaac Spikes
|
|
Batting: SHB Sean Cook
|
0-0: Ball 1-0: Foul Ball, location: 2F 1-1: Ball 2-1: Foul Ball, location: 2F 2-2: Strikes out swinging
|
|
Batting: RHB Yasuhide Kasahara
|
0-0: Called Strike 0-1: Ball 1-1: Ball 2-1: Ground out 3-1 (Groundball, 34S, EV 91.9 MPH)
|
|
Batting: SHB Floyd-William Goof
|
0-0: Ball 1-0: Called Strike 1-1: Ball 2-1: Ball 3-1: Base on Balls
|
|
Batting: LHB Erik Gretzky
|
0-0: Ball 1-0: Ball 2-0: Ball 3-0: Called Strike 3-1: Swinging Strike 3-2: Foul Ball, location: 2F 3-2: Strikes out swinging
|
| Bottom of the 5th over - 0 runs, 0 hits, 0 errors, 1 left on base; New York 2 - Atlanta 4 |
| TOP OF THE 6TH |
|
New York Mets batting - Pitching for Atlanta Braves : RHP Jeremy Kasten
|
|
Batting: SHB Billy Encinias
|
0-0: Ball 1-0: Bunt for hit to 25 - play at first, batter OUT! 5-3
|
|
Batting: SHB Jason Larson
|
0-0: Ball 1-0: Foul Ball, location: 2F 1-1: Ball 2-1: Called Strike 2-2: Ball 3-2: Ground out U3 (Groundball, 34, EV 91.9 MPH)
|
|
Batting: RHB Finn Ross
|
0-0: Foul Ball, location: 2F 0-1: Ball 1-1: Called Strike 1-2: Ball 2-2: Ball 3-2: Strikes out swinging
|
| Top of the 6th over - 0 runs, 0 hits, 0 errors, 0 left on base; New York 2 - Atlanta 4 |
| BOTTOM OF THE 6TH |
|
Atlanta Braves batting - Pitching for New York Mets : RHP Isaac Spikes
|
|
Pitching: LHP Ryan Price
|
|
|
Batting: RHB Ike Trout
|
0-0: Ball 1-0: Foul Ball, location: 2F 1-1: Ground out 5-3 (Groundball, 56S, EV 91.9 MPH)
|
|
Batting: RHB Kevin Howard
|
0-0: Called Strike 0-1: Ball 1-1: Ball 2-1: Foul Ball, location: 2F 2-2: Strikes out looking
|
|
Batting: RHB Manny Vergara
|
0-0: Foul Ball, location: 2F 0-1: Ball 1-1: Ball 2-1: Foul Ball, location: 2F 2-2: Ground out 5-3 (Groundball, 5L, EV 98.8 MPH)
|
| Bottom of the 6th over - 0 runs, 0 hits, 0 errors, 0 left on base; New York 2 - Atlanta 4 |
| TOP OF THE 7TH |
|
New York Mets batting - Pitching for Atlanta Braves : RHP Jeremy Kasten
|
|
Pitching: RHP Salisbury Swanson
|
|
|
Batting: RHB Devine Adams
|
0-0: Ball 1-0: Called Strike 1-1: Ground out 6-3 (Groundball, 6, EV 80.6 MPH)
|
|
Batting: LHB Chris Ringwood
|
0-0: Ball 1-0: Ball 2-0: Ball 3-0: Called Strike 3-1: Called Strike 3-2: Foul Ball, location: 2F 3-2: Strikes out swinging
|
|
Batting: RHB Josh Jones
|
0-0: Ball 1-0: Ball 2-0: TRIPLE (Line Drive, 89XD, EV 96.9 MPH)
|
|
Batting: LHB Kyle Beaulieu
|
0-0: Ball 1-0: Ball 2-0: Foul Ball, location: 2F 2-1: Called Strike 2-2: Foul Ball, location: 2F 2-2: Ball 3-2: Ground out 1-3 (Groundball, 25, EV 74.4 MPH)
|
| Top of the 7th over - 0 runs, 1 hit, 0 errors, 1 left on base; New York 2 - Atlanta 4 |
| BOTTOM OF THE 7TH |
|
Atlanta Braves batting - Pitching for New York Mets : LHP Ryan Price
|
|
Batting: SHB Dave Barefoot
|
0-0: Ball 1-0: Foul Ball, location: 2F 1-1: Ball 2-1: Called Strike 2-2: Strikes out looking
|
|
Batting: RHB Erik Coleman
|
0-0: Called Strike 0-1: Ball 1-1: Fly out, F7 (Flyball, 78XD, EV 97.5 MPH)
|
|
Batting: SHB Sean Cook
|
0-0: Ball 1-0: Ball 2-0: Swinging Strike 2-1: Fly out, F9 (Flyball, 89XD, EV 103.8 MPH)
|
| Bottom of the 7th over - 0 runs, 0 hits, 0 errors, 0 left on base; New York 2 - Atlanta 4 |
| TOP OF THE 8TH |
|
New York Mets batting - Pitching for Atlanta Braves : RHP Salisbury Swanson
|
|
Pitching: LHP Shingo Miura
|
|
|
Now at 2B: J.J. Powers
|
|
|
Now at 3B: Dave Barefoot
|
|
|
Now in LF: Sean Cook
|
|
|
Now in CF: Liangde Li
|
|
|
Now in RF: Erik Gretzky
|
|
|
Batting: SHB Roberto Magne
|
0-0: Ball 1-0: Ball 2-0: Ball 3-0: Called Strike 3-1: Base on Balls
|
|
Batting: SHB Luke Robbins
|
0-0: Ball 1-0: Called Strike 1-1: Foul Ball, location: 2F 1-2: Foul Ball, location: 2F 1-2: Foul Ball, location: 2F 1-2: Ball 2-2: Strikes out swinging
|
|
Batting: SHB Billy Encinias
|
0-0: Ball 1-0: Foul Ball, location: 2F 1-1: Foul Ball, location: 2F 1-2: Grounds into double play, 5-4-3 (Groundball, 56, EV 81.2 MPH)
|
| Top of the 8th over - 0 runs, 0 hits, 0 errors, 0 left on base; New York 2 - Atlanta 4 |
| BOTTOM OF THE 8TH |
|
Atlanta Braves batting - Pitching for New York Mets : LHP Ryan Price
|
|
Pitching: RHP Justin Overlie
|
|
|
Batting: RHB Yasuhide Kasahara
|
0-0: Foul Ball, location: 2F 0-1: Ball 1-1: Foul Ball, location: 2F 1-2: Ball 2-2: Ball 3-2: Foul Ball, location: 2F 3-2: Strikes out looking
|
|
Batting: SHB Floyd-William Goof
|
0-0: Foul Ball, location: 2F 0-1: Ball 1-1: Ball 2-1: Swinging Strike 2-2: Ball 3-2: Base on Balls
|
|
Batting: LHB Erik Gretzky
|
0-0: Ball Floyd-William Goof is caught stealing 2nd base 2-6 1-0: Fly out, F9 (Flyball, 9D, EV 85.0 MPH)
|
| Bottom of the 8th over - 0 runs, 0 hits, 0 errors, 0 left on base; New York 2 - Atlanta 4 |
| TOP OF THE 9TH |
|
New York Mets batting - Pitching for Atlanta Braves : LHP Shingo Miura
|
|
Pitching: LHP Sam Schrecengost
|
|
|
Batting: SHB Jason Larson
|
0-0: Foul Ball, location: 2F 0-1: Foul Ball, location: 2F 0-2: Ball 1-2: Foul Ball, location: 2F 1-2: Strikes out looking
|
|
Batting: RHB Finn Ross
|
0-0: Swinging Strike 0-1: Called Strike 0-2: Strikes out looking
|
|
Batting: RHB Devine Adams
|
0-0: Ball 1-0: Foul Ball, location: 2F 1-1: Ball 2-1: Swinging Strike 2-2: Foul Ball, location: 2F 2-2: Ball 3-2: Foul Ball, location: 2F 3-2: Strikes out swinging
|
| Top of the 9th over - 0 runs, 0 hits, 0 errors, 0 left on base; New York 2 - Atlanta 4 |
|